 Dungeon Crawl Stone Soup version 0.27.1-34-g3ba077fa99 (webtiles) character file.

Game seed: 10789044127801924127

158 growler the Gusty (level 5, 0/28 HPs)
             Began as a Tengu Air Elementalist on Jan 25, 2022.
             Slain by a black bear (4 damage)
             ... on level 5 of the Dungeon.
             The game lasted 00:06:49 (3031 turns).

growler the Gusty (Tengu Air Elementalist)          Turns: 3031, Time: 00:06:50

Health: 0/28       AC:  2    Str:  9    XL:     5   Next: 39%
Magic:  4/10       EV: 14    Int: 16    God:
Gold:   75         SH:  0    Dex: 14    Spells: 0/10 levels left

rFire    . . .     SeeInvis .   l - +2 dagger (venom)
rCold    . . .     Faith    .   (no shield)
rNeg     . . .     Spirit   .   a - +0 robe
rPois    .         Reflect  .   (helmet restricted)
rElec    .         Harm     .   (no cloak)
rCorr    .         Rampage  .   (no gloves)
Will     .....                  (boots unavailable)
Stlth    ++........             (no amulet)
HPRegen  0.09/turn              (no ring)
MPRegen  0.12/turn              (no ring)

@: flying quickly and evasively, quick
A: beak, talons 3, nimble flight
a: no special abilities


You were on level 5 of the Dungeon.
You visited 1 branch of the dungeon, and saw 4 of its levels.

You collected 75 gold pieces.

Inventory:

Hand Weapons
 l - a +2 dagger of venom (weapon)
   (You took it off a kobold on level 2 of the Dungeon)
Armour
 a - a +0 robe (worn)
Scrolls
 b - a scroll of enchant armour {unknown}
 c - a scroll of teleportation {@r4}
 e - a scroll of vulnerability {unknown}
 f - a scroll of fear {unknown}
 g - a scroll of blinking {unknown}
 i - a scroll of noise {unknown}
 k - a scroll of magic mapping {unknown}
Potions
 d - a potion of flight {unknown}
 h - a potion of might {unknown}
 j - a potion of attraction {unknown}
 m - 2 potions of curing {unknown}


   Skills:
 - Level 2.1 Dodging
 - Level 2.0 Stealth
 + Level 3.2 Spellcasting
 + Level 4.0 Conjurations
 + Level 5.5 Air Magic


You couldn't memorise any spells.
You knew the following spells:

 Your Spells              Type           Power      Damage    Failure   Level
a - Shock                 Conj/Air       68%        1d7       2%          1
b - Airstrike             Air            10%        N/A       19%         4
d - Static Discharge      Conj/Air       17%        N/A       3%          2
s - Swiftness             Air            20%        N/A       5%          3

Your spell library contained the following spells:

 Spells                   Type           Power      Damage    Failure   Level


Dungeon Overview and Level Annotations

Branches:
Dungeon (3/15)

Altars:


Innate Abilities, Weirdness & Mutations

You have a beak for a mouth.
You have claws for feet.
Your magical nature lets you fly swiftly and evasively.


Message History

The helpless quokka fails to defend itself.
You hit the quokka.
The quokka is poisoned.
Your kick misses the quokka. The quokka bites you.
The quokka bites you but does no damage.
You hit the quokka.
You kill the quokka!
No target in view!
You see here a +0 robe.
Found a ring mail.
You see here a +0 ring mail.
You reach down and open the door.
There is an open door here.
There is an open door here.
You see here a +0 ring mail.
You see here a +0 robe.
There is an open door here.
Things that are here:
a +0 vorpal falchion; a +0 leather armour A bat comes into view.
Found a stone staircase leading down.
A bat is nearby!
The helpless bat fails to defend itself.
You puncture the bat!
You kill the bat!
No target in view!
There is a stone staircase leading down here.
You see here a bat corpse.
An endoplasm comes into view.
An endoplasm is nearby!
You are sucked into a shaft and drop 2 floors!
The shaft crumbles and collapses.
Found 22 stones.
A black bear comes into view.
The black bear is struck by an arc of lightning.
You are struck by an arc of lightning.
The lightning grounds out.
The black bear bites you!
The black bear claws you but does no damage.
The black bear misses you.
The black bear is struck by an arc of lightning!
You are struck by an arc of lightning.
The lightning grounds out.
The black bear bites you but does no damage.
The black bear claws you. x2
* * * LOW HITPOINT WARNING * * *
The black bear is struck by an arc of lightning.
The lightning grounds out.
The black bear bites you.
* * * LOW HITPOINT WARNING * * *
The black bear claws you.
* * * LOW HITPOINT WARNING * * *
The black bear claws you.
You die...

...#. .. ..
..#. .#..# #.#
... .#..
..#.#..#...
....#.....
.#.......
........####
.......h...#.##
.......@......#
.....##..#.....
.... #.## ...#
#.#........####
# ##...(...#
#.......##
#......###
.........
.........


You could see a black bear.

Vanquished Creatures
  2 orc priests (D:2)
  3 gnolls (D:2)
  2 worms (D:2)
  4 dart slugs (D:2)
  4 orcs
  8 endoplasms
  3 goblins (D:1)
  3 hobgoblins
  7 kobolds
  4 quokkas
  2 ball pythons (D:1)
  5 bats
  3 frilled lizards (D:2)
  A rat (D:2)
51 creatures vanquished.

Notes
Turn   | Place    | Note
-------+----------+-------------------------------------------
     0 | D:1      | growler the Tengu Air Elementalist began the quest for the
                  | Orb.
     0 | D:1      | Reached XP level 1. HP: 10/10 MP: 4/4
   273 | D:1      | Reached XP level 2. HP: 15/15 MP: 1/6
   276 | D:1      | Learned a level 2 spell: Static Discharge
  1314 | D:2      | Reached XP level 3. HP: 19/19 MP: 4/7
  1495 | D:2      | Reached XP level 4. HP: 24/24 MP: 2/9
  1499 | D:2      | Learned a level 3 spell: Swiftness
  1745 | D:2      | Reached skill level 5 in Air Magic
  2101 | D:2      | Gained mutation: Your magical nature lets you fly swiftly
                  | and evasively. [Tengu growth]
  2101 | D:2      | Reached XP level 5. HP: 11/28 MP: 5/10
  2291 | D:2      | Learned a level 4 spell: Airstrike
  3020 | D:3      | You are sucked into a shaft and drop 2 floors!
  3020 | D:5      | Entered Level 5 of the Dungeon
  3021 | D:5      | Noticed a black bear
  3031 | D:5      | Slain by a black bear

Illustrated notes

Levels and vault maps discovered:
D:1:      wander_arrival_peaceful_grave, layout_loops_ring, minmay_3d_cube
D:2:      layout_rooms, minmay_misc_feat_five
D:3:      layout_loops_ring, shapermc_ecumenical_altar_mp_vishouse,
          roderic_serpentine_path, kennysheep_cross_bottleneck
D:5:      minmay_thinvault, layout_cave_pools, nzn_wu_jian_council_hall

Skill      XL: |  1  2  3  4  5 |
---------------+----------------+-----
Conjurations   | 2 3 4 |  4.0
Air Magic      | 5 |  5.5
Spellcasting   | 3 |  3.2
Dodging        | |  2.1
Stealth        | |  2.0

Action                   |  1- 3 |  4- 6 || total
-------------------------+-------+-------++-------
Melee: Unarmed           |     4 |       ||     4
       Peck              |     2 |     2 ||     4
       Kick              |     1 |     1 ||     2
       Dagger            |       |    13 ||    13
 Cast: Shock             |    38 |    40 ||    78
       Static Discharge  |     5 |    15 ||    20
  Use: Scroll            |       |     1 ||     1
 Stab: Sleeping          |       |     2 ||     2
Armor: Robe              |    10 |     5 ||    15
Dodge: Dodged            |    26 |     9 ||    35
